Unix NetHack Version 5.0.0-0 post-release - last build Jul 19 2026 19:10:59 (3aa4ab31751d3886436d94b585a96704892fd477,branch:main).

Game began 2026-07-22 16:33:59, ended 2026-07-22 16:40:34.

A4Paper, chaotic female elven Wizard

                -----
                 ...
                 ...
                 ..{
                  .
               #  #
               #@###       ##
                B##f   ##   #######
                  ##########)#   #-+--.----
                  +    #     #   #|.......|
                             #####+...<...|
                                 #|.......|
                                 #|.......|
                                 #-.[.....|
                                  |.......|
                                  ---------

A4Paper the Conjurer      St:8 Dx:12 Co:16 In:19 Wi:10 Ch:8  Chaotic S:393
Dlvl:2  $:15 HP:0(30) Pw:38(43) AC:9  Xp:4/82 T:1914 

Latest messages:
 Bluey drops an iron skull cap.
 Bluey picks up an iron skull cap.
 Bluey drops an iron skull cap.
 You are beginning to feel hungry.
 You stop searching.
 You hear the footsteps of a guard on patrol.
 You descend the stairs.
 You see here 9 gold pieces.
 $ - 9 gold pieces (15 in total).
 You see here a ring mail.
 The door resists!
 The door resists!
 That door is closed.
 The door opens.
 The hobbit wields a dagger!
 You miss the hobbit.
 Bluey misses the hobbit.
 The hobbit thrusts his dagger.
 The hobbit hits!
 Bluey bites the hobbit.
 You kill the hobbit!
 Bluey eats a hobbit corpse.
 You swap places with Bluey.
 You hear someone counting gold coins.
 The large kobold hits!
 You kill the large kobold!
 Welcome to experience level 4.
 You feel awake!
 There is a large kobold corpse here; eat it? [ynq] (n)
 Ecch - that must have been poisonous!
 You finish eating the large kobold corpse.
 A - a key.
 You kill the giant rat!
 You swap places with Bluey.
 You hear someone counting gold coins.
 You swap places with Bluey.
 In what direction?
 You miss the giant bat.
 The giant bat bites!
 You miss the giant bat.
 The giant bat bites!
 The giant bat bites!
 You miss the giant bat.
 The giant bat bites!
 The giant bat bites!
 You miss the giant bat.
 The giant bat bites!
 The giant bat bites!
 You die...
 Do you want your possessions identified? [ynq] (y)

Inventory:
 Coins    ('$')
  $ - 15 gold pieces
 Weapons  (')')
  a - a blessed +1 quarterstaff (weapon in hands)
 Armor    ('[')
  b - an uncursed +0 cloak of magic resistance (being worn)
 Scrolls  ('?')
  i - a blessed scroll of identify
  j - an uncursed scroll of scare monster
 Spellbooks  ('+')
  t - an uncursed spellbook of detect monsters
  k - a blessed spellbook of force bolt
  l - an uncursed spellbook of haste self
  x - an uncursed spellbook of healing
 Potions  ('!')
  y - a blessed potion of fruit juice
  h - a blessed potion of monster detection
  f - an uncursed potion of monster detection
  g - an uncursed potion of restore ability
 Rings    ('=')
  e - an uncursed +2 ring of adornment
  d - an uncursed ring of protection from shape changers
 Wands    ('/')
  c - a blessed wand of light (0:14)
  r - a wand of light (0:12)
  v - a wand of opening (0:7)
 Tools    ('(')
  n - an uncursed bugle
  m - a magic marker (0:21)
  A - an uncursed skeleton key

A4Paper the Wizard's attributes:

Background:
 You were a Conjurer, a level 4 female elven Wizard.
 You were chaotic, on a mission for Anhur
 who was opposed by Ptah (lawful) and Thoth (neutral).
 You were right-handed.
 You were in the Dungeons of Doom, on level 2.
 You entered the dungeon 1914 turns ago.
 You had 82 experience points, 78 more were needed to attain level 5.
 Your score was 393 before end-of-game adjustments.

Basics:
 You had 0 out of 30 hit points.
 You had 38 out of 43 energy points (spell power).
 Your armor class was 9.
 Your wallet contained 15 zorkmids.
 Autopickup was off.

Final Characteristics:
 Your strength was 8 (peak:11, limit:18).
 Your dexterity was 12 (limit:18).
 Your constitution was 16 (limit:16).
 Your intelligence was 19 (limit:20).
 Your wisdom was 10 (limit:20).
 Your charisma was 8 (limit:18).

Final Status:
 You weren't hungry.
 You were unencumbered.
 You were wielding a quarterstaff.
 You had basic skill with quarterstaff.

Final Attributes:
 You were devoutly aligned.
 You were magic-protected.
 You were sleep resistant.
 You saw invisible.
 You had infravision.
 You were warded.
 You are dead.

Miscellaneous:
 You didn't encounter any bones levels.
 Total elapsed playing time was 6 minutes and 35 seconds.

Major events:
 Turn
    1: A4Paper the chaotic female elven Wizard entered the dungeon
 1280: attained the rank of Conjurer (level 3)
 1914: killed by a giant bat

Spells:
 Name                 Level Category     Fail Retention
 force bolt             1   attack         0%  91%-100%
 haste self             3   escape        72%  76%-100%
 detect monsters        1   divination     0%  76%-100%

Skills:
 Fighting Skills
   bare handed combat [Unskilled]
   riding             [Unskilled]
 Weapon Skills
   dagger             [Unskilled]
   knife              [Unskilled]
   axe                [Unskilled]
   short sword        [Unskilled]
   club               [Unskilled]
   mace               [Unskilled]
   quarterstaff       [Basic]
   polearms           [Unskilled]
   spear              [Unskilled]
   trident            [Unskilled]
   sling              [Unskilled]
   dart               [Unskilled]
   shuriken           [Unskilled]
 Spellcasting Skills
   attack spells      [Basic]
   healing spells     [Unskilled]
   divination spells  [Unskilled]
   enchantment spells [Basic]
   clerical spells    [Unskilled]
   escape spells      [Unskilled]
   matter spells      [Unskilled]

Voluntary challenges:
 Character rerolling was not enabled.
 You never genocided any monsters.
 You never polymorphed an object.
 You never changed form.
 You used no wishes.
Achievement:
 You attained the rank of Conjurer.

 The Dungeons of Doom: levels 1 to 2
    Level 1:
       Some altars.
    Level 2: <- You were here.
       A fountain.
       Final resting place for
          you, killed by a giant bat.


Vanquished creatures:
  a hobbit
  a large kobold
  a giant rat
  a gecko
  3 jackals
  2 foxes
  a kobold
  2 goblins
  3 grid bugs
  2 bats
  8 lichens
  2 kobold zombies
  4 newts
31 creatures vanquished.

No species were genocided or became extinct.

Game over:
                       ----------
                      /          \
                     /    REST    \
                    /      IN      \
                   /     PEACE      \
                  /                  \
                  |     A4Paper      |
                  |      15 Au       |
                  |   killed by a    |
                  |    giant bat     |
                  |                  |
                  |                  |
                  |       2026       |
                 *|     *  *  *      | *
        _________)/\\_//(\/(/\)/\//\/|_)_______

Goodbye A4Paper the Wizard...

You died in The Dungeons of Doom on dungeon level 2 with 392 points,
and 15 pieces of gold, after 1914 moves.
You were level 4 with a maximum of 30 hit points when you died.

